 Dungeon Crawl Stone Soup version 0.21-a0-344-g2144152 (webtiles) character file.

25 tidbits the Sneak (level 2, -1/12 HPs)
             Began as a Felid Transmuter on Oct 4, 2017.
             Slain by a kobold (3 damage)
             ... on level 1 of the Dungeon.
             The game lasted 00:02:33 (530 turns).

tidbits the Sneak (Felid Transmuter)                 Turns: 530, Time: 00:02:34

Health: -1/12      AC:  1    Str:  6    XL:     2   Next: 86%
Magic:  0/6        EV: 18    Int: 14    God:
Gold:   29         SH:  0    Dex: 16    Spells: 2/5 levels left
                                        Lives:  0   Deaths: 0

rFire    . . .     SeeInvis +     - Unarmed
rCold    . . .     Gourm    .   (shield unavailable)
rNeg     . . .     Faith    .   (armour unavailable)
rPois    .         Spirit   .   (helmet unavailable)
rElec    .         Reflect  .   (cloak unavailable)
rCorr    .         Harm     .   (gloves unavailable)
MR       .....                  (boots unavailable)
Stlth    +++.......             (no amulet)
HPRegen  0.04/turn              (no ring)
MPRegen  0.10/turn              (no ring)

@: very slightly contaminated, quick
A: no armour, no weapons or thrown items, stealth, claws 1, fangs 3, see
invisible, carnivore 3, speed 1, shaggy fur 1, slow metabolism 1, sharp paws
a: no special abilities


You were on level 1 of the Dungeon.
You were completely stuffed.

You visited 1 branch of the dungeon, and saw 2 of its levels.

You collected 29 gold pieces.

Inventory:

Missiles
 a - 7 arrows
Scrolls
 d - a scroll of enchant armour {unknown}
 e - a scroll of magic mapping {unknown}
 h - a scroll of remove curse {unknown}
 i - a scroll of identify {unknown}
Potions
 g - a potion of curing {unknown}
Books
 b - a book of Changes

   Spells                             Type                      Level
   a - Beastly Appendage              Transmutation                1
   b - Sticks to Snakes               Transmutation                2
   c - Spider Form                    Transmutation/Poison         3
   d - Ice Form                       Ice/Transmutation            4
   e - Blade Hands                    Transmutation                5
Comestibles
 c - a meat ration
 f - 4 chunks of flesh


   Skills:
 - Level 1.1 Fighting
 - Level 2.8 Dodging
 + Level 3.3 Stealth
 - Level 3.0 Unarmed Combat
 - Level 2.0 Spellcasting
 - Level 2.2 Transmutations


You had 2 spell levels left.
You knew the following spells:

 Your Spells              Type           Power        Failure   Level  Hunger
e - Beastly Appendage     Tmut           #.....       10%         1    ##.....
k - Sticks to Snakes      Tmut           #.......     14%         2    ###....


Dungeon Overview and Level Annotations

Branches:
Dungeon (2/15)

Altars:


Innate Abilities, Weirdness & Mutations

You cannot wear armour.
You are incapable of wielding weapons or throwing items.
Your paws allow you to move quietly. (Stealth)
You have sharp claws.
You have razor-sharp teeth.
You have supernaturally acute eyesight. (SInv)
You are carnivorous and can eat meat at any time.
You cover ground quickly.
You are covered in fur. (AC +1)
You have a slow metabolism.
Your sharp claws are effective at attacking unaware monsters.


Message History

Confirm with . or Enter, or press ? or * to list all spells.
You grow a pair of large bovine horns.
You closely miss the goblin. The goblin misses you.
A kobold comes into view. It is wielding a dagger.
You barely miss the goblin. The goblin closely misses you.
You miss the goblin.
The kobold shouts!
You headbutt the goblin.
The goblin is heavily wounded.
The goblin hits you with a club.
You scratch the goblin.
You kill the goblin!
Your transformation is almost over.
Casting: Beastly Appendage
Confirm with . or Enter, or press ? or * to list all spells.
You create a snake!
You now have 9 arrows.
The kobold closely misses you.
You see here a club.
You barely miss the kobold.
Your horns disappear.
Your ball python barely misses the kobold.
Your ball python grabs the kobold.
Your ball python constricts the kobold.
The kobold hits you with a dagger.
* * * LOW HITPOINT WARNING * * *
You scratch the kobold.
You kill the kobold!
Things that are here:
a dagger; a club; a kobold corpse You see here a club.
The bat closely misses you.
You scratch the bat.
The bat is moderately wounded.
The bat hits you but does no damage. The bat barely misses you.
You closely miss the bat. Your bite misses the bat.
The bat completely misses you. The bat hits you but does no damage.
You completely miss the bat. The bat misses you.
The bat hits your ball python. x2
Your ball python bites the bat.
Your ball python closely misses the bat.
You scratch the bat but do no damage. The bat barely misses you.
The bat closely misses you. The bat misses you.
Your ball python misses the bat. x2
You scratch the bat but do no damage. The bat hits you.
* * * LOW HITPOINT WARNING * * *
The bat barely misses your ball python. The bat completely misses you.
You scratch the bat.
You kill the bat!
Your Stealth skill increases to level 3!
The bat barely misses you.
Your ball python closely misses the bat.
Your ball python grabs the bat.
Your ball python constricts the bat.
The bat hits your ball python.
Your ball python dies!
You scratch the bat.
You kill the bat!
h - a scroll labeled EWEKHL CUGRO;
i - a scroll labeled YTELAO VOZEZOE You see here a bat corpse.
You butcher the bat corpse.
f - 4 chunks of flesh (gained 1)
You open the door.
There is an open door here.
Found a stone staircase leading down.
A kobold and a dart slug come into view.
A bat comes into view.
The helpless bat fails to defend itself.
You claw the bat!
You kill the bat!
Casting: Sticks to Snakes
Confirm with . or Enter, or press ? or * to list all spells.
You create a snake!
You now have 8 arrows.
You scratch the dart slug but do no damage.
You bite the dart slug.
The dart slug is heavily wounded.
Your ball python bites the dart slug.
Your ball python grabs the dart slug.
Your ball python constricts the dart slug.
The dart slug bites your ball python.
Your ball python dies!
You scratch the dart slug but do no damage.
The dart slug is severely wounded.
Casting: Sticks to Snakes
Confirm with . or Enter, or press ? or * to list all spells.
You miscast Sticks to Snakes.
You are very lightly contaminated with residual magic.
Multicoloured lights dance before your eyes!
The kobold hits you.
* * * LOW HITPOINT WARNING * * *
The dart slug misses you.
Casting: Sticks to Snakes
Confirm with . or Enter, or press ? or * to list all spells.
You create a snake!
You now have 7 arrows.
The kobold completely misses you. The dart slug misses you.
You scratch the dart slug but do no damage.
The dart slug is severely wounded.
The kobold closely misses you. The dart slug launches a dart at you.
The slug dart hits you!
* * * LOW HITPOINT WARNING * * *
You scratch the dart slug.
You kill the dart slug!
The kobold hits you.
You die...

## .# .# .# ###.###
##### #.....# ...#
#†S...##..
#######.#######.@.......
................K.......
............#...........
###########.#...........
........#...........
..#######...........
#..#........
#..#........ #..#......


You could see a kobold and a friendly ball python.

Vanquished Creatures
  2 dart slugs (D:1)
  2 leopard geckos
  A giant cockroach (D:1)
  A goblin (D:1)
  A hobgoblin (D:2)
  3 jackals (D:1)
  3 bats (D:1)
  A kobold (D:1)
  A rat (D:1)
15 creatures vanquished.

Vanquished Creatures (collateral kills)
  A worm (D:2)
  A jackal (D:1)
2 creatures vanquished.

Grand Total: 17 creatures vanquished

Notes
Turn   | Place    | Note
-------+----------+-------------------------------------------
     0 | D:1      | tidbits the Felid Transmuter began the quest for the Orb.
     0 | D:1      | Reached XP level 1. HP: 9/9 MP: 4/4
   252 | D:1      | Reached skill level 1 in Stealth
   274 | D:2      | Reached XP level 2. HP: 12/12 MP: 6/6
   281 | D:1      | Learned a level 2 spell: Sticks to Snakes
   291 | D:2      | Reached skill level 2 in Stealth
   486 | D:1      | Reached skill level 3 in Stealth
   530 | D:1      | Slain by a kobold

Vault maps used:
D:1:      lightli_arrival_isolated_outpost
D:2:      overflow_temple_1_default, first_bread, trog_hazing_becter

Skill      XL: |  1  2 |
---------------+-------+-----
Stealth        | 1 3 |  3.3
Fighting       | |  1.1
Dodging        | |  2.8
Unarmed Combat | |  3.0
Spellcasting   | |  2.0
Transmutations | |  2.2

Action                   || total
-------------------------++-------
Melee: Unarmed           ||    48
       Headbutt          ||     6
       Bite              ||     3
 Cast: Beastly Appendage ||     7
       Sticks to Snakes  ||     5
 Stab: Sleeping          ||     2
  Eat: Chunk             ||     7
Armor: Skin              ||     3
Dodge: Dodged            ||    32

Table legend:
 A = Spawn XP
 B = Non-spawn XP
 C = Spawn XP percentage of total XP
 D = Spawn monster count
 E = Non-spawn monster count
 F = Spawn count percentage of total count
 G = Total turns spent on level
                    A         B        C        D         E        F      G
               +---------+---------+-------+---------+---------+-------+---------
         Total |       0 |      37 |   0.0 |       0 |      17 |   0.0 |   530
               +---------+---------+-------+---------+---------+-------+---------
           D:1 |       0 |      28 |   0.0 |       0 |      14 |   0.0 |   458
           D:2 |       0 |       9 |   0.0 |       0 |       3 |   0.0 |    72
               +---------+---------+-------+---------+---------+-------+---------

Table legend:
 A = Turns spent in this place as a percentage of turns spent in the entire game.
 B = Non-inter-level travel turns spent in this place as a percentage of non-inter-level travel turns spent in the entire game.
 C = Inter-level travel turns spent in this place as a percentage of turns spent in this place.
 D = Turns resting spent in this place as a percentage of non-inter-level travel turns spent in this place.
 E = Turns spent auto-exploring this place as a percentage of non-inter-level travel turns spent in this place.
 F = Non-inter-level travel turns spent in this place divided by the number of levels of this place that you've seen.
                   A       B       C       D       E      F
               +-------+-------+-------+-------+-------+----------------------
         Total | 100.0 | 100.0 |   7.5 |   1.0 |   0.0 | 245.0
       Dungeon | 100.0 | 100.0 |   7.5 |   1.0 |   0.0 | 245.0
               +-------+-------+-------+-------+-------+----------------------

Table legend:
 A = Kills in this place as a percentage of kills in entire the game.
 B = Kills by you in this place as a percentage of kills by you in the entire game.
 C = Kills by friends in this place as a percentage of kills by friends in the entire game.
 D = Other kills in this place as a percentage of other kills in the entire game.
 E = Experience gained in this place as a percentage of experience gained in the entire game.
 F = Experience gained in this place divided by the number of levels of this place that you have seen.
                   A       B       C       D       E      F
               +-------+-------+-------+-------+-------+----------------------
         Total | 100.0 | 100.0 | 100.0 |   N/A | 100.0 |  18.5
       Dungeon | 100.0 | 100.0 | 100.0 |   N/A | 100.0 |  18.5
               +-------+-------+-------+-------+-------+----------------------

Vault maps used:
D:1:      lightli_arrival_isolated_outpost
D:2:      overflow_temple_1_default, first_bread, trog_hazing_becter
